AoeStats
← danjo

Hideout

510043984Analyzed
1v1 RM · 3d ago on Sep 29, 2026· 63m 52s· 2 players
Game mode
Random Map
Map size
Tiny (2 player)
Population
200
Speed
Normal
Resources
Standard
Victory
Conquest
Starting age
Dark Age
Ending age
Imperial Age
RankedLock teamsTeams togetherTeam positionsShared explorationLock speedFull tech treeHidden civsTurbo modeCheats
Victory
Defeat
🇩🇪 Malians · Germany
1100
+15
🇵🇪 Mongols · Peru
1076
-15
jochizan
11:49 Feudal Age
13:13 Double-Bit Axe
15:29 Castle Age
13:20 Horse Collar
15:48 Wheelbarrow
16:36 Bow Saw
16:31 Heavy Plow
25:47 Gold Mining
28:09 Fletching
28:34 Padded Archer Armor
28:45 Forging
31:25 Imperial Age
29:42 Stone Mining
30:35 Gold Shaft Mining
29:51 Elite Skirmisher
30:29 Bodkin Arrow
31:33 Ballistics
31:27 Masonry
31:14 Murder Holes
32:07 Leather Archer Armor
32:40 Conscription
33:11 Hand Cart
32:44 Loom
32:44 Town Watch
33:54 Hoardings
33:31 Onager
33:48 Elite Mangudai
35:05 Town Patrol
36:16 Chemistry
36:01 Drill
36:18 Hoardings
36:30 Parthian Tactics
39:30 Bloodlines
39:21 Husbandry
38:44 Elite Steppe Lancer
39:00 Light Cavalry
40:21 Thumb Ring
40:39 Onager
42:39 Scale Barding Armor
42:29 Hussar
46:44 Heavy Camel Rider
50:01 Iron Casting
50:28 Chain Barding Armor
52:55 Blast Furnace
56:14 Bracer
59:34 Sappers
danjo
10:19 Feudal Age
14:38 Castle Age
13:50 Loom
13:56 Double-Bit Axe
32:06 Imperial Age
29:34 Elite Skirmisher
30:19 Thumb Ring
31:26 Padded Archer Armor
31:37 Forging
32:19 Wheelbarrow
32:40 Leather Archer Armor
32:53 Bow Saw
32:37 Gold Mining
33:40 Ballistics
34:32 Gold Shaft Mining
34:32 Stone Mining
35:05 Hand Cart
34:40 Horse Collar
35:20 Town Watch
36:07 Conscription
37:57 Chemistry
37:34 Scale Mail Armor
38:05 Ring Archer Armor
38:25 Husbandry
40:19 Heavy Camel Rider
41:26 Chain Mail Armor
41:17 Scale Barding Armor
41:58 Bloodlines
42:24 Heavy Plow
44:05 Chain Barding Armor
45:13 Iron Casting
44:42 Capped Ram
46:20 Plate Barding Armor
45:36 Fletching
48:00 Farimba
50:18 Bodkin Arrow
60:03 Murder Holes
Connection lost

Rejoining the realm…

Still unreachable

The connection could not be restored.

Session expired

The server has moved on; the page needs a fresh start.